 Dungeon Crawl Stone Soup version 0.18.1-1-g2f07953 (webtiles) character file.

252 aurelian the Grave Robber (level 5, 0/31 HPs)
             Began as a High Elf Necromancer on May 21, 2016.
             Slain by a giant frog skeleton (7 damage)
             ... on level 4 of the Dungeon.
             The game lasted 00:09:50 (5158 turns).

aurelian the Grave Robber (High Elf Necromancer)    Turns: 5158, Time: 00:09:51

Health: 0/31       AC:  3    Str: 13    XL:     5   Next: 89%
Magic:  10/10      EV: 12    Int: 19    God:
Gold:   154        SH:  0    Dex: 15    Spells: 3 memorised, 2 levels left

rFire  . . .     SeeInvis .     k - +0 dagger
rCold  . . .     Gourm    .     a - +1 robe
rNeg   . . .     Faith    .     (no shield)
rPois  .         Spirit   .     (no helmet)
rElec  .         Dismiss  .     (no cloak)
rCorr  .         Reflect  .     (no gloves)
SustAt .         Harm     .     (no boots)
MR     .....                    (no amulet)
Stlth  ++........               (no ring)
                                (no ring)

@: mighty, not resistant to hostile enchantments, unstealthy
A: no striking features
a: no special abilities


You were on level 4 of the Dungeon.
You were not hungry.

You visited 1 branch of the dungeon, and saw 4 of its levels.

You collected 154 gold pieces.

Inventory:

Hand Weapons
 k - a +0 dagger (weapon)
 q - a +0 blowgun
Missiles
 d - 131 stones (quivered)
 p - 9 poisoned needles
Armour
 a - a +1 robe (worn)
Scrolls
 e - 5 scrolls of fog
 j - a scroll of identify
 l - a scroll of amnesia {unknown}
 n - 2 scrolls of enchant armour
Potions
 i - a potion of might
 m - a potion of curing {unknown}
 o - a potion of lignification {unknown}
Books
 b - a book of Necromancy

   Spells                             Type                      Level
   a - Pain                           Necromancy                   1
   b - Animate Skeleton               Necromancy                   1
   c - Vampiric Draining              Necromancy                   3
   d - Regeneration                   Charms/Necromancy            3
   e - Animate Dead                   Necromancy                   4
   f - Control Undead                 Necromancy                   4
Comestibles
 c - 2 bread rations
 f - 4 meat rations
 g - a beef jerky
 h - 3 chunks of flesh


   Skills:
 - Level 2.1 Dodging
 - Level 3.0 Stealth
 - Level 3.1 Spellcasting
 * Level 5.6 Necromancy


You had 2 spell levels left.
You knew the following spells:

 Your Spells              Type           Power        Failure   Level  Hunger
a - Pain                  Necr           ###.         1%          1    None
b - Vampiric Draining     Necr           ###.......   6%          3    ###....
c - Animate Dead          Necr           N/A          17%         4    ####...


Dungeon Overview and Level Annotations

Branches:
Dungeon (4/15)
 Temple: D:4-7

Altars:
Ashenzari
Pakellas
Zin

Annotations:
D:2 Menkaure, Sigmund
D:4 Grinder


Message History

The giant frog skeleton barely misses you.
You hit the giant frog skeleton.
The giant frog skeleton closely misses you.
You hit the giant frog skeleton. The giant frog skeleton hits you.
You hit the giant frog skeleton. The giant frog skeleton hits you.
The giant frog skeleton barely misses you.
You hit the giant frog skeleton. The giant frog skeleton hits you.
You barely miss the giant frog skeleton.
The giant frog skeleton barely misses you.
You hit the giant frog skeleton. The giant frog skeleton hits you. x2
* * * LOW HITPOINT WARNING * * *
Found a beef jerky.
Drink which item? (? for menu, Esc to quit)
It was a potion of might.
You feel very mighty all of a sudden.
The giant frog skeleton closely misses you.
You puncture the giant frog skeleton!
The giant frog skeleton barely misses you.
The giant frog skeleton hits you!
You die...

. ##.#.. # #.%.. .
#...# ##...## #
#...# #.....###...
#...# ....... ...
#...# .....# ...
###>..####...# #.#
#..@Z..)....# #.#
#.#...####.## #.#
#
#.....[...######..
#...####..........
#!..# #..########
#.... #..# #.
##.#.# #..# #.
#.#.# #..# #.
#.#!# #..# ##.


You could see a giant frog skeleton.

Vanquished Creatures
  2 orc wizards (D:3)
  A worker ant (D:4)
  5 adders
  3 oozes
  2 worms (D:3)
  5 dart slugs
  3 giant geckos
  5 orcs
  4 ball pythons (D:1)
  7 giant cockroaches
  7 goblins
  10 hobgoblins
  2 jackals (D:1)
  6 kobolds
  2 quokkas (D:2)
  12 bats
  A giant gecko skeleton (D:4)
  7 giant newts
  A jackal skeleton (D:3)
  8 rats
93 creatures vanquished.

Vanquished Creatures (others)
  A yak (D:3)
1 creature vanquished.

Grand Total: 94 creatures vanquished

Notes
Turn   | Place    | Note
--------------------------------------------------------------
     0 | D:1      | aurelian the High Elf Necromancer began the quest for the Orb.
     0 | D:1      | Reached XP level 1. HP: 11/11 MP: 4/4
   403 | D:1      | Reached XP level 2. HP: 12/17 MP: 1/6
  1155 | D:1      | Reached XP level 3. HP: 16/21 MP: 2/8
  2056 | D:2      | Reached skill level 4 in Necromancy
  2079 | D:2      | Learned a level 3 spell: Vampiric Draining
  2511 | D:2      | Reached XP level 4. HP: 25/27 MP: 4/9
  2533 | D:2      | Learned a level 4 spell: Animate Dead
  2586 | D:2      | Noticed Sigmund
  2912 | D:2      | Found a shattered altar of Ashenzari.
  2997 | D:2      | Noticed an angel
  2998 | D:2      | Found a glowing silver altar of Zin.
  3564 | D:3      | Reached XP level 5. HP: 30/31 MP: 7/10
  3712 | D:3      | Reached skill level 5 in Necromancy
  4369 | D:3      | Found an oddly glowing altar of Pakellas.
  4369 | D:3      | Noticed an orange crystal statue
  4370 | D:3      | Noticed a yak
  4416 | D:3      | Killed a yak
  4637 | D:4      | Noticed a phantom
  4679 | D:4      | Noticed Menkaure
  5102 | D:4      | Noticed Grinder
  5158 | D:4      | Slain by a giant frog skeleton

Skill      XL: |  1  2  3  4  5 |
---------------+----------------+-----
Spellcasting   | 3 |  3.1
Necromancy     | 4 5 |  5.6
Stealth        | 3 |  3.0
Dodging        | |  2.1

Action                   |  1- 3 |  4- 6 || total
-------------------------+-------+-------++-------
Melee: Dagger            |       |    26 ||    26
 Cast: Pain              |    85 |   105 ||   190
       Animate Dead      |       |     2 ||     2
  Use: Scroll            |       |     4 ||     4
       Potion            |       |     2 ||     2
 Stab: Sleeping          |       |     1 ||     1
  Eat: Chunk             |     5 |     8 ||    13
Armor: Robe              |     3 |     7 ||    10
Dodge: Dodged            |     7 |    38 ||    45
